 Dungeon Crawl Stone Soup version 0.30.0-17-ge0270778cf (webtiles) character file.

Game seed: 4117473972412861832

265 pigah the Gusty (level 6, 0/36 HPs)
             Began as an Octopode Air Elementalist on May 21, 2023.
             Was an Initiate of Gozag.
             Slain by Grinder (2 damage)
             ... on level 4 of the Dungeon.
             The game lasted 00:05:23 (4002 turns).

pigah the Gusty (Octopode Air Elementalist)         Turns: 4002, Time: 00:05:24

Health: 0/36       AC:  1    Str:  8    XL:     6   Next: 20%
Magic:  1/20       EV: 13    Int: 19    God:    Gozag
Gold:   80         SH:  0    Dex: 12    Spells: 4/12 levels left

rFire   . . .        (no weapon)
rCold   . . .        (no shield)
rNeg    . . .        (helmet restricted)
rPois   .            (no amulet)
rElec   .            k - ring of magical power
rCorr   .            (no ring)
SInv    .            (no ring)
Will    .....        (no ring)
Stlth   +++          (no ring)
HPRegen 0.26/turn    (no ring)
MPRegen 0.17/turn    (no ring)
                     (no ring)

%: no passive effects
@: gold aura, very slightly contaminated
A: almost no armour, amphibious, 8 rings, camouflage 1, gelatinous body 1,
(nimble swimmer 1), tentacles
a: Renounce Religion, Potion Petition, Call Merchant, Bribe Branch


You were on level 4 of the Dungeon.
You worshipped Gozag.
Gozag was noncommittal.
You visited 2 branches of the dungeon, and saw 5 of its levels.

You collected 154 gold pieces.
You paid 74 gold pieces to Gozag.

Inventory:

Jewellery
 k - a ring of magical power (left tentacle)
Wands
 m - a wand of charming (6)
Scrolls
 b - a scroll of teleportation {unknown}
 d - a scroll of fog {unknown}
 e - a scroll of enchant armour {unknown}
 h - a scroll of brand weapon {unknown}
 i - 3 scrolls of identify {unknown}
 j - a scroll of torment {unknown}
 l - a scroll of enchant weapon {unknown}
 q - a scroll of blinking {unknown}
 r - a scroll of amnesia {unknown}
Potions
 a - a potion of magic
 c - 2 potions of lignification {unknown}
 f - a potion of heal wounds {unknown}
 g - 2 potions of curing {unknown}
 n - a potion of might {unknown}
 o - a potion of flight {unknown}
 p - 2 potions of attraction {unknown}


   Skills:
 - Level 2.0 Dodging
 - Level 2.6 Stealth
 + Level 3.6 Spellcasting
 - Level 1.0 Conjurations
 * Level 5.8 Air Magic


You had 4 spell levels left.
You knew the following spells:

 Your Spells              Type           Power      Damage    Failure   Level
a - Shock                 Conj/Air       64%        1d7       3%          1
b - Swiftness             Air            25%        N/A       4%          3
c - Airstrike             Air            12%        2d(2-18)  13%         4

Your spell library contained the following spells:

 Spells                   Type           Power      Damage    Failure   Level
 Static Discharge         Conj/Air       32%        2-4/arc   5%          2
 Momentum Strike          Conj/Tloc      10%        3d8       17%         2
 Blink                    Tloc           6%         N/A       22%         2
 Ensorcelled Hibernation  Hex/Ice        6%         N/A       22%         2
 Lesser Beckoning         Tloc           6%         N/A       22%         2
 Passwall                 Tmut/Erth      2%         N/A       22%         2


Dungeon Overview and Level Annotations

Branches:
Dungeon (4/15)             Temple (1/1) D:4

Altars:
Ashenzari
Gozag
Kikubaaqudgha
Ru

Shops:
D:3 (

Annotations:
D:4 Grinder, Sigmund


Innate Abilities, Weirdness & Mutations

You cannot wear most types of armour.
You are amphibious.
You can wear up to eight rings at the same time.
Your skin changes colour to match your surroundings (Stealth+).
Your rubbery body absorbs attacks. (AC +1, EV +1)
((You are camouflaged when in or above water. (Stealth+)))
You have tentacles for arms and can constrict up to eight enemies at once.


Message History

You miscast Airstrike.
You are very lightly contaminated with residual magic.
There is a short, sharp shower of sparks!
Unknown command.
Casting: Airstrike (quite dangerous; 13% risk of failure)
Confirm with . or Enter, or press ? or * to list all spells.
The spell is quite dangerous to miscast (13% risk of failure)!
Continue anyway?
Aiming: Airstrike (quite dangerous; 13% risk of failure)
Press: ? - help, Dir - move target, f/p - Grinder
Aim: Grinder (lightly wounded, empty space bonus: 4/8)
The air twists around and strikes Grinder!
Grinder is heavily wounded.
Unknown command.
You barely miss Grinder. You grab Grinder.
Grinder is heavily wounded.
You constrict Grinder, but do no damage.
Grinder barely misses you.
You barely miss Grinder.
Grinder is heavily wounded.
You constrict Grinder. Grinder barely misses you.
You tentacle-slap Grinder but do no damage.
Grinder is heavily wounded.
You constrict Grinder, but do no damage.
Grinder hits you!
You writhe in agony.
Okay, then.
You tentacle-slap Grinder but do no damage.
Grinder is heavily wounded.
You constrict Grinder. Grinder hits you!
* * * LOW HITPOINT WARNING * * *
Casting: Airstrike (quite dangerous; 13% risk of failure)
Confirm with . or Enter, or press ? or * to list all spells.
The spell is quite dangerous to miscast (13% risk of failure)!
Continue anyway?
Aiming: Airstrike (quite dangerous; 13% risk of failure)
Press: ? - help, Dir - move target, f/p - Grinder
Aim: Grinder (heavily wounded, constricted by you, empty space bonus: 3/8)
You miscast Airstrike.
The wind whips around you!
* * * LOW HITPOINT WARNING * * *
You constrict Grinder. Grinder hits you.
You die...
Your body crumbles into a pile of gold.

#.........##...........
####.........# .#.###.....
............##.#.#~~~~~~~
#..........#..#.#~#.....
#..........#.##..~...... ##
#.5.....##.##..~......
....###.............~...>..
#......####.##$#...~......
#..>....$5@..##.#...~......
#.#.#####...###O##.#~#.....
# ###..##.##.#~~~~~~~
##.......###..... ###.#...
...... ..###........ ..#


You could see Grinder.

Vanquished Creatures
  An ogre (D:4)
  A hound (D:4)
  2 iguanas
  An adder (D:2)
  An ufetubus (D:3)
  3 worms (D:2)
  4 dart slugs
  An orc (D:3)
  5 bats
  8 endoplasms
  5 giant cockroaches
  3 goblins
  4 hobgoblins (D:1)
  3 jackals (D:3)
  3 quokkas (D:2)
  8 ball pythons
  5 frilled lizards
  4 kobolds
  8 rats
70 creatures vanquished.

Notes
Turn   | Place    | Note
-------+----------+-------------------------------------------
     0 | D:1      | pigah the Octopode Air Elementalist began the quest for the
                  | Orb.
     0 | D:1      | Reached XP level 1. HP: 11/11 MP: 3/3
   186 | D:1      | Reached XP level 2. HP: 17/17 MP: 0/5
   797 | D:1      | Reached XP level 3. HP: 21/21 MP: 4/6
   801 | D:1      | Learned a level 3 spell: Swiftness
  1103 | D:1      | Reached skill level 4 in Air Magic
  2176 | D:2      | Reached XP level 4. HP: 27/27 MP: 7/7
  3038 | D:3      | Found Zeluch's Weapon Shop.
  3049 | D:3      | Learned a level 4 spell: Airstrike
  3417 | D:3      | Reached skill level 5 in Air Magic
  3417 | D:3      | Reached XP level 5. HP: 21/31 MP: 9/9
  3810 | D:4      | Found a staircase to the Ecumenical Temple.
  3817 | D:4      | Noticed Sigmund
  3819 | Temple   | Entered the Ecumenical Temple
  3852 | Temple   | Became a worshipper of Gozag Ym Sagoz the Greedy
  3979 | D:4      | Noticed an ogre
  3983 | D:4      | Noticed Grinder
  3995 | D:4      | Killed an ogre
  3996 | D:4      | Reached XP level 6. HP: 36/36 MP: 11/11
  4002 | D:4      | Slain by Grinder

Illustrated notes

Levels and vault maps discovered:
D:1:      sevenhm_arrival_forest_fort_large_2, layout_basic,
          minmay_misc_feat_rugged, minmay_misc_feat_rows, corexii_corridor_pit
D:2:      kb_forest_paths, layout_loops_ring, glass_columns_a
D:3:      layout_loops_ring, serial_shops, shop, dk_noncrumbling_2
D:4:      layout_rooms, nicolae_dithmenos_through_a_glass_darkly,
          jmf_multi_god_temple, okawaru_metal_pillars_1_2,
          minmay_temple_entry_water_ring, lightli_sewer_entry_pipes,
          minmay_door_square, uniq_grinder, uniq_sigmund
Temple:   nicolae_temple_bog_church

Skill      XL: |  1  2  3  4 |
---------------+-------------+-----
Air Magic      | 4 5 |  5.8
Spellcasting   | 3 |  3.6
Dodging        | |  2.0
Stealth        | |  2.6
Conjurations   | |  1.0

Action                     |  1- 3 |  4- 6 || total
---------------------------+-------+-------++-------
  Melee: Unarmed           |    17 |     8 ||    25
         Tentacles         |     7 |     2 ||     9
         Constrict         |     5 |     3 ||     8
   Cast: Shock             |    85 |    84 ||   169
         Airstrike         |       |     2 ||     2
 Armour: Skin              |     3 |       ||     3
  Dodge: Dodged            |    23 |    15 ||    38
